 Dungeon Crawl Stone Soup version 0.21-a0-380-gd65dc97 (webtiles) character file.

4 Ijustatesigmund the Sneak (level 1, -1/9 HPs)
             Began as a Spriggan Enchanter on Oct 17, 2017.
             Slain by a hobgoblin (4 damage)
             ... on level 1 of the Dungeon.
             The game lasted 00:00:20 (176 turns).

Ijustatesigmund the Sneak (Spriggan Enchanter)       Turns: 176, Time: 00:00:20

Health: -1/9       AC:  2    Str:  4    XL:     1   Next: 58%
Magic:  5/5        EV: 18    Int: 16    God:
Gold:   6          SH:  0    Dex: 16    Spells: 5/6 levels left

rFire    . . .     SeeInvis +   a - +1 dagger
rCold    . . .     Gourm    .   (shield restricted)
rNeg     . . .     Faith    .   b - +0 robe
rPois    .         Spirit   .   (helmet restricted)
rElec    .         Reflect  .   (no cloak)
rCorr    .         Harm     .   (gloves unavailable)
MR       .....                  (boots unavailable)
Stlth    +++.......             (no amulet)
HPRegen  0.03/turn              (no ring)
MPRegen  0.09/turn              (no ring)

@: very quick
A: unfitting armour, see invisible, herbivore 3, speed 3, slow metabolism 2
a: no special abilities


You were on level 1 of the Dungeon.
You were not hungry.

You visited 1 branch of the dungeon, and saw 1 of its levels.

You collected 6 gold pieces.

Inventory:

Hand Weapons
 a - a +1 dagger (weapon)
Armour
 b - a +0 robe (worn)
Scrolls
 e - a scroll of identify {unknown}
 f - a scroll of immolation {unknown}
Books
 c - a book of Maledictions

   Spells                             Type                      Level
   a - Corona                         Hexes                        1
   b - Ensorcelled Hibernation        Hexes/Ice                    2
   c - Confuse                        Hexes                        3
   d - Tukima's Dance                 Hexes                        3
   e - Dazzling Spray                 Conjuration/Hexes            3
Comestibles
 d - 2 bread rations


   Skills:
 - Level 1.1 Short Blades
 - Level 3.0 Dodging
 + Level 4.7 Stealth
 + Level 3.0 Spellcasting
 - Level 3.6 Hexes


You had 5 spell levels left.
You knew the following spells:

 Your Spells              Type           Power        Failure   Level  Hunger
a - Corona                Hex            ##.....      4%          1    #......


Dungeon Overview and Level Annotations

Branches:
Dungeon (1/15)

Altars:


Innate Abilities, Weirdness & Mutations

You are very small and have problems with some larger weapons.
You are too small for most types of armour.
You have supernaturally acute eyesight. (SInv)
You are a herbivore.
You cover ground extremely quickly.
You need consume almost no food.


Message History

The giant cockroach misses you. The goblin barely misses you.
The hobgoblin closely misses you.
You hit the goblin.
The goblin is heavily wounded.
The giant cockroach misses you. The goblin completely misses you.
The hobgoblin hits you.
The giant cockroach completely misses you.
You hit the goblin.
The goblin is severely wounded.
The goblin misses you. The hobgoblin misses you.
The giant cockroach barely misses you.
You closely miss the goblin.
The goblin is severely wounded.
The giant cockroach misses you. The goblin closely misses you.
The hobgoblin barely misses you.
You hit the goblin.
You kill the goblin!
Your Spellcasting skill increases to level 3!
The giant cockroach bites you. The hobgoblin hits you.
You die...

####...........#....#
...............#....#
###............#....#####
.#.............#..........
#..#...........#...$......
#..#.###########.........$
.#... #.......... ###..#
#.......... .....#
#@g........ .....
#...).s..[..### #####
#...........# #
#...........#
#...........#
#.....(.....#
#...........#
#...........#


You could see a giant cockroach and a hobgoblin.

Vanquished Creatures
  A giant cockroach (D:1)
  2 goblins (D:1)
  A kobold (D:1)
4 creatures vanquished.

Notes
Turn   | Place    | Note
-------+----------+-------------------------------------------
     0 | D:1      | Ijustatesigmund the Spriggan Enchanter began the quest for the Orb.
     0 | D:1      | Reached XP level 1. HP: 9/9 MP: 5/5
   176 | D:1      | Slain by a hobgoblin

Vault maps used:
D:1:      scummos_arrival_star

Skill      XL: |  1 |
---------------+----+-----
Spellcasting   | 3 |  3.0
Short Blades   | |  1.1
Dodging        | |  3.0
Stealth        | |  4.7
Hexes          | |  3.6

Action                   || total
-------------------------++-------
Melee: Dagger            ||    17
 Stab: Sleeping          ||     1
Dodge: Dodged            ||    32

Table legend:
 A = Spawn XP
 B = Non-spawn XP
 C = Spawn XP percentage of total XP
 D = Spawn monster count
 E = Non-spawn monster count
 F = Spawn count percentage of total count
 G = Total turns spent on level
                    A         B        C        D         E        F      G
               +---------+---------+-------+---------+---------+-------+---------
         Total |       0 |       7 |   0.0 |       0 |       4 |   0.0 |   176
               +---------+---------+-------+---------+---------+-------+---------
           D:1 |       0 |       7 |   0.0 |       0 |       4 |   0.0 |   176
               +---------+---------+-------+---------+---------+-------+---------
